[Event "ISR Youth-Ch Finals 2021 U18"]
[Site "Ramat Hasharon"]
[Date "2021.03.22"]
[Round "3.5"]
[White "Gorshtein, Asaf"]
[Black "Stolyarsky, Yegor"]
[Result "0-1"]
[ECO "D00"]
[WhiteElo "2122"]
[BlackElo "2063"]
[Annotator "RC"]
[PlyCount "128"]
[EventDate "2021.03.19"]
[EventType "swiss"]
[EventCountry "ISR"]
[SourceTitle "playchess.com"]
[Source "ChessBase"]
[SourceQuality "1"]
[TimeControl "5400+30"]

1. d4 Nf6 2. Nf3 g6 3. Nc3 d5 4. Bg5 Bg7 5. Bxf6 exf6 6. e3 O-O 7. Bd3 f5 8. O-O h5 9. Ne5 c6 10. Ne2 Qe8 11. Nf3 Nd7 12. c4 Nf6 13. cxd5 Nxd5 14. Nc3 Nf6 15. Qb3 Qe7 16. Ne5 Be6 17. Bc4 Bxc4 18. Qxc4 Kh7 19. Nd3 Ne4 20. Nxe4 fxe4 21. Nc5 b6 22. Nb3 Rac8 23. a4 f5 24. g3 c5 25. dxc5 Bxb2 26. Ra2 Be5 27. c6 Rf6 28. Nd4 Bxd4 29. Qxd4 Rcxc6 30. h4 Rfd6 31. Qb4 Qe5 32. Rb1 a6 33. Qb3 Qe6 34. Qxe6 Rxe6 35. Rd2 Red6 36. Rxd6 Rxd6 37. f3 Kg7 38. fxe4 fxe4 39. Rb4 Re6 40. Rd4 Kf6 41. Rd5 Rc6 42. Kf2 Rc2+ 43. Kf1 Ra2 44. Rd6+ Kf5 45. Rxb6 Rxa4 46. Kg2 Ra3 47. Rc6 a5 48. Rc5+ Ke6 49. Kf2 Ra2+ 50. Kf1 a4 51. Ra5 a3 52. Kg1 Ra1+ 53. Kg2 a2 54. Kh2 Kd6 55. Kg2 Kc6 56. Kh2 Kb6 57. Ra8 Kb5 58. Kg2 Kc4 59. Kh2 Kd3 60. Ra3+ Kd2 61. Kg2 Ke2 62. g4 hxg4 63. h5 gxh5 64. Kh2 Kf2 0-1

[Event "ISR Youth-Ch Finals 2021 U18"]
[Site "Ramat Hasharon"]
[Date "2021.03.22"]
[Round "3.9"]
[White "Gov, Guy"]
[Black "Neiman, Maks"]
[Result "0-1"]
[ECO "A06"]
[WhiteElo "2095"]
[BlackElo "1993"]
[Annotator "RC"]
[PlyCount "82"]
[EventDate "2021.03.19"]
[EventType "swiss"]
[EventCountry "ISR"]
[SourceTitle "playchess.com"]
[Source "ChessBase"]
[SourceQuality "1"]
[TimeControl "5400+30"]

1. Nf3 Nf6 2. b3 d5 3. Bb2 Bf5 4. d3 e6 5. g3 c5 6. Bg2 h6 7. Nbd2 Nc6 8. O-O Be7 9. Re1 O-O 10. e4 Bh7 11. e5 Nd7 12. Qe2 b5 13. a3 Nb6 14. Kh1 a5 15. Rg1 a4 16. Ne1 Qd7 17. f4 Rab8 18. g4 axb3 19. cxb3 c4 20. dxc4 bxc4 21. bxc4 Na4 22. Bc1 Nd4 23. Qf1 dxc4 24. g5 hxg5 25. Be4 c3 26. Bxh7+ Kxh7 27. Qd3+ Kg8 28. Ndf3 Rfd8 29. Nxg5 Bxg5 30. Rxg5 Qc6+ 31. Rg2 Nb3 32. Qg3 g6 33. f5 exf5 34. Bg5 Nxa1 35. Bf6 Rd1 36. e6 Rxe1+ 37. Qxe1 Qe4 38. Qxe4 fxe4 39. e7 c2 40. Bg5 f6 41. Bc1 Kf7 0-1

[Event "ISR Youth-Ch Finals 2021 U18"]
[Site "Ramat Hasharon"]
[Date "2021.03.22"]
[Round "3.11"]
[White "Sheinkman, Lidan"]
[Black "Sobel, Alon"]
[Result "1/2-1/2"]
[ECO "E09"]
[WhiteElo "1895"]
[BlackElo "1825"]
[Annotator "NA RC"]
[PlyCount "40"]
[EventDate "2021.03.19"]
[EventType "swiss"]
[EventCountry "ISR"]
[SourceTitle "playchess.com"]
[Source "ChessBase"]
[SourceQuality "1"]
[TimeControl "5400+30"]

1. d4 d5 2. c4 e6 3. g3 Nf6 4. Nf3 Nbd7 5. Bg2 c6 6. O-O Be7 7. Qc2 O-O 8. Nbd2 b6 $11 9. e4 dxe4 10. Nxe4 Bb7 11. Ne5 Qc8 12. Rd1 Rd8 13. b3 c5 14. Ba3 Nxe5 15. dxe5 Nxe4 16. Bxe4 Bxe4 17. Qxe4 Qc7 18. Bb2 Rac8 19. Qg4 Rxd1+ 20. Rxd1 Rd8 1/2-1/2

[Event "ISR Youth-Ch Finals 2021 U18"]
[Site "Ramat Hasharon"]
[Date "2021.03.23"]
[Round "5.2"]
[White "Gorodetzky, Matan"]
[Black "Tzidkiya, Yeshaayahu"]
[Result "0-1"]
[ECO "B31"]
[WhiteElo "2253"]
[BlackElo "2380"]
[Annotator "ChessBase"]
[PlyCount "118"]
[EventDate "2021.03.19"]
[EventType "swiss"]
[EventCountry "ISR"]
[SourceTitle "playchess.com"]
[Source "ChessBase"]
[SourceQuality "1"]
[TimeControl "5400+30"]

1. e4 c5 2. Nf3 Nc6 3. Bb5 g6 4. O-O Bg7 5. Re1 Nf6 6. c3 O-O 7. d4 a6 8. Bf1 d5 9. exd5 Qxd5 10. dxc5 Qxc5 11. Be3 Qh5 12. h3 Rd8 13. Qe2 Bf5 14. Nd4 Nxd4 15. Bxd4 Bg4 16. Qc2 Be6 17. Be2 Qg5 18. Be3 Qh4 19. Nd2 Nd5 20. Nf1 Rac8 21. Bf3 b5 22. Bd2 Nb4 23. Qe4 Qxe4 24. Bxe4 Nd3 25. Bxd3 Rxd3 26. Bg5 b4 27. cxb4 Bxb2 28. Rad1 Rxd1 29. Rxd1 f6 30. Be3 Ba3 31. Bd2 Rc2 32. Ne3 Rxa2 33. Bc3 Kf7 34. Rb1 Bd7 35. g4 Bc6 36. h4 Be4 37. Rb3 Bc1 38. Bd4 e5 39. Bc5 Ra1 40. Kh2 f5 41. gxf5 gxf5 42. Ng2 Rb1 43. Rxb1 Bxb1 44. Ne3 Ke6 45. Kg2 Bd3 46. f3 f4 47. Nd1 Kd5 48. Nc3+ Kc4 49. Na4 Bd2 50. Bd6 Kd5 51. Bf8 e4 52. fxe4+ Bxe4+ 53. Kh2 f3 54. Bc5 Bxb4 55. Bf2 Kc6 56. Kg3 Kb5 57. Nb2 Bd6+ 58. Kg4 Bc5 59. Bxc5 Kxc5 0-1

[Event "ISR Youth-Ch Finals 2021 U18"]
[Site "Ramat Hasharon"]
[Date "2021.03.23"]
[Round "5.3"]
[White "Ehrlich, Roy"]
[Black "Zemach, Roee"]
[Result "1-0"]
[ECO "C25"]
[WhiteElo "2004"]
[BlackElo "2292"]
[Annotator "ChessBase"]
[PlyCount "79"]
[EventDate "2021.03.19"]
[EventType "swiss"]
[EventCountry "ISR"]
[SourceTitle "playchess.com"]
[Source "ChessBase"]
[SourceQuality "1"]
[TimeControl "5400+30"]

1. e4 e5 2. Nc3 Nc6 3. g3 g6 4. Bg2 Bg7 5. Nge2 Nge7 6. Nd5 d6 7. h3 O-O 8. O-O Nxd5 9. exd5 Ne7 10. d4 exd4 11. Nxd4 Nf5 12. Nb3 a5 13. a4 Bd7 14. Re1 Re8 15. Be4 Ne7 16. Kh2 Nc8 17. c3 Nb6 18. Nd4 Qc8 19. h4 c6 20. dxc6 bxc6 21. Bf4 Nc4 22. b3 Ne5 23. Qd2 Qa6 24. Bxe5 dxe5 25. Nb5 cxb5 26. Bxa8 Be6 27. Bd5 Rd8 28. axb5 Qxb5 29. c4 Qxb3 30. Qxa5 Bf6 31. Bxe6 fxe6 32. Qa2 Qf3 33. Qe2 Qc6 34. Rac1 Rd4 35. c5 e4 36. Rc4 Kf7 37. Rd1 e5 38. Rc2 Qd5 39. Ra1 e3 40. fxe3 1-0

[Event "ISR Youth-Ch Finals 2021 U18"]
[Site "Ramat Hasharon"]
[Date "2021.03.23"]
[Round "5.4"]
[White "Katkov, Michelle"]
[Black "Milikow, Yoav"]
[Result "1/2-1/2"]
[ECO "C55"]
[WhiteElo "2078"]
[BlackElo "2302"]
[Annotator "ChessBase"]
[PlyCount "59"]
[EventDate "2021.03.19"]
[EventType "swiss"]
[EventCountry "ISR"]
[SourceTitle "playchess.com"]
[Source "ChessBase"]
[SourceQuality "1"]
[TimeControl "5400+30"]

1. e4 e5 2. Nf3 Nc6 3. Bc4 Nf6 4. d3 h6 5. Nc3 d6 6. a4 Be6 7. Nd5 Bxd5 8. Bxd5 Nxd5 9. exd5 Ne7 10. c4 c6 11. dxc6 Nxc6 12. O-O Be7 13. Re1 O-O 14. Bd2 Bf6 15. Bc3 Re8 16. Qc2 a5 17. Qb3 Qd7 18. Qb5 g6 19. d4 exd4 20. Nxd4 Rxe1+ 21. Rxe1 Re8 22. Rxe8+ Qxe8 23. Nf3 Bxc3 24. bxc3 Qe2 25. h3 Qd1+ 26. Kh2 Qc1 27. Qxb7 Qf4+ 28. Kg1 Qc1+ 29. Kh2 Qf4+ 30. Kg1 1/2-1/2

[Event "ISR Youth-Ch Finals 2021 U18"]
[Site "Ramat Hasharon"]
[Date "2021.03.23"]
[Round "5.5"]
[White "Gorshtein, Asaf"]
[Black "Neiman, Maks"]
[Result "1-0"]
[ECO "C06"]
[WhiteElo "2122"]
[BlackElo "1993"]
[Annotator "ChessBase"]
[PlyCount "59"]
[EventDate "2021.03.19"]
[EventType "swiss"]
[EventCountry "ISR"]
[SourceTitle "playchess.com"]
[Source "ChessBase"]
[SourceQuality "1"]
[TimeControl "5400+30"]

1. e4 e6 2. d4 d5 3. Nd2 Nf6 4. e5 Nfd7 5. Bd3 c5 6. c3 Nc6 7. Ne2 cxd4 8. cxd4 f6 9. exf6 Nxf6 10. Nf3 Bd6 11. Bf4 Bxf4 12. Nxf4 O-O 13. O-O Ne4 14. Qc1 Ng5 15. Nxg5 Qxg5 16. Ne2 Qf6 17. Qd2 Kh8 18. Rac1 Nxd4 19. Nxd4 Qxd4 20. Rc7 e5 21. Qg5 e4 22. Bc2 b6 23. Qg3 Be6 24. Bb3 a5 25. Qd6 a4 26. Bxa4 Bg4 27. Bc6 Be2 28. Bxa8 Rxf2 29. Rc8+ Rf8+ 30. Kh1 1-0

[Event "ISR Youth-Ch Finals 2021 U18"]
[Site "Ramat Hasharon"]
[Date "2021.03.23"]
[Round "5.6"]
[White "Kadria, Shay"]
[Black "Cohen Revivo, Shoham"]
[Result "1-0"]
[ECO "B31"]
[WhiteElo "2086"]
[BlackElo "2171"]
[Annotator "ChessBase"]
[PlyCount "65"]
[EventDate "2021.03.19"]
[EventType "swiss"]
[EventCountry "ISR"]
[SourceTitle "playchess.com"]
[Source "ChessBase"]
[SourceQuality "1"]
[TimeControl "5400+30"]

1. e4 c5 2. Nf3 Nc6 3. Bb5 g6 4. O-O Bg7 5. c3 Nf6 6. Re1 O-O 7. d4 cxd4 8. cxd4 d5 9. e5 Ne4 10. Nc3 Bf5 11. Bd3 Nxc3 12. bxc3 Bxd3 13. Qxd3 Na5 14. e6 f6 15. h4 Rc8 16. h5 g5 17. Bxg5 Qe8 18. h6 fxg5 19. hxg7 Rf6 20. Re5 h6 21. Rxd5 Nc4 22. Rd7 Nd6 23. d5 g4 24. Ne5 Qh5 25. Re1 Rf5 26. Qe2 Rxc3 27. Nxg4 Rc8 28. Rxd6 Qh4 29. Qe4 Rh5 30. g3 Qh3 31. Qf3 Kh7 32. Rd7 Rc3 33. g8=Q+ 1-0

[Event "ISR Youth-Ch Finals 2021 U18"]
[Site "Ramat Hasharon"]
[Date "2021.03.23"]
[Round "5.7"]
[White "Stolyarsky, Yegor"]
[Black "Iliaguev, Daniel"]
[Result "0-1"]
[ECO "E72"]
[WhiteElo "2063"]
[BlackElo "2103"]
[Annotator "NA"]
[PlyCount "186"]
[EventDate "2021.03.19"]
[EventType "swiss"]
[EventCountry "ISR"]
[SourceTitle "playchess.com"]
[Source "ChessBase"]
[SourceQuality "1"]
[TimeControl "5400+30"]

1. Nf3 c5 2. c4 g6 3. d4 cxd4 4. Nxd4 Bg7 5. Nc3 Nf6 6. e4 d6 7. g3 O-O 8. Bg2 Nc6 9. Nxc6 bxc6 10. e5 Ng4 11. exd6 exd6 12. O-O Ne5 13. Qa4 Be6 14. Rd1 Bg4 ({Of course not} 14... Bxc4 $6 15. Bxc6 Rb8 16. Bg2 $15) 15. Bf4 Bxd1 16. Rxd1 Qb6 17. Bxe5 Bxe5 18. Bxc6 Rab8 19. Bb5 a6 20. Qxa6 Qxa6 21. Bxa6 Rxb2 22. Ne4 Ra8 23. Bb5 Raxa2 24. Bc6 f5 25. Ng5 Rxf2 26. Nf3 Rg2+ 27. Kh1 Rgc2 28. c5 Ra1 29. Rxa1 Bxa1 30. Bd5+ Kg7 31. cxd6 Rc1+ 32. Kg2 Rd1 33. Bb7 $19 Rxd6 34. h4 Rb6 35. Bd5 Bf6 36. Bc4 Rb4 37. Be6 Rb6 38. Bd7 Rb2+ 39. Kf1 Be7 40. Ng1 Bd6 41. Ne2 Kf6 42. Bc6 Be5 43. Bd5 h6 44. Bc4 Rc2 45. Bb5 Rb2 46. Bc4 Rb4 47. Bd5 f4 48. g4 g5 49. h5 Bd4 50. Kg2 Ke5 51. Bc6 Rb2 52. Kf1 Be3 53. Bf3 Bd2 54. Bc6 Kd6 55. Ba8 Kc5 56. Be4 Kc4 57. Kg2 Be3 58. Kf3 Rd2 59. Bb7 Rd1 60. Ba6+ Kb4 61. Ke4 Rd2 62. Kf3 Kb3 63. Bb5 Kb4 64. Ba6 Ra2 65. Bd3 Kc5 66. Be4 Kd6 67. Bd3 Ke5 68. Bb5 Ra1 69. Kg2 Ke4 70. Nc3+ Ke5 71. Ne2 Bc5 72. Bc6 Ra3 73. Bb7 Rb3 74. Bc6 Re3 75. Bf3 Bb6 76. Kf2 Ba7 77. Kg2 Kd6 78. Kf2 Kc5 79. Bb7 Kb4 80. Bf3 Kb3 81. Kg2 Kc2 82. Ng1 Re1 83. Nh3 Kd2 84. Bd5 Bc5 85. Bc6 Bd4 86. Bd5 Re2+ 87. Kh1 Re3 88. Kh2 Rg3 89. Be6 Re3 90. Bc4 Re1 91. Kg2 Bb6 92. Bd5 Re3 93. Bc6 Rg3+ 0-1

[Event "ISR Youth-Ch Finals 2021 U18"]
[Site "Ramat Hasharon"]
[Date "2021.03.23"]
[Round "5.8"]
[White "Levitan, Ronit"]
[Black "Sheinkman, Lidan"]
[Result "1-0"]
[ECO "B22"]
[WhiteElo "2048"]
[BlackElo "1895"]
[Annotator "NA"]
[PlyCount "107"]
[EventDate "2021.03.19"]
[EventType "swiss"]
[EventCountry "ISR"]
[SourceTitle "playchess.com"]
[Source "ChessBase"]
[SourceQuality "1"]
[TimeControl "5400+30"]

1. e4 c5 2. c3 g6 3. d4 cxd4 4. cxd4 d5 5. e5 Bg7 6. h3 Nc6 7. Nc3 Nh6 8. g4 O-O 9. f4 f6 10. Bg2 e6 11. Nf3 Nf7 12. O-O Bd7 13. Be3 Rc8 14. Qd2 a6 15. h4 f5 16. g5 h5 17. gxh6 Bxh6 18. Kf2 b5 $16 19. b3 Qa5 20. Rac1 Ne7 21. Ne1 b4 22. Ne2 Bb5 23. Nd3 Bxd3 24. Qxd3 Qb5 25. Qxb5 axb5 26. Bd2 Nc6 27. Rh1 Ncxe5 28. dxe5 Nxe5 29. fxe5 Bxd2 30. Rxc8 Rxc8 31. Nd4 Kf7 32. h5 gxh5 33. Rxh5 Bc3 34. Ke3 Bxd4+ 35. Kxd4 Rc2 36. Bf1 Rxa2 37. Bxb5 Rb2 38. Ba4 Rc2 39. Rh7+ Kf8 40. Rb7 Re2 41. Rxb4 Re4+ 42. Kc5 Rxe5 43. Kd6 Re3 44. Rd4 Kf7 45. b4 Ra3 46. b5 e5 47. Kxe5 Ke7 48. Kxd5 Kd7 49. Kc5+ Kc8 50. Kb6 Re3 51. Ka6 Re5 52. b6 Re7 53. Rh4 Re4 54. Rh8+ 1-0

[Event "ISR Youth-Ch Finals 2021 U18"]
[Site "Ramat Hasharon"]
[Date "2021.03.23"]
[Round "5.9"]
[White "Friedland, Eldar"]
[Black "Kochavi, Ori"]
[Result "0-1"]
[ECO "E46"]
[WhiteElo "2034"]
[BlackElo "2273"]
[Annotator "ChessBase"]
[PlyCount "74"]
[EventDate "2021.03.19"]
[EventType "swiss"]
[EventCountry "ISR"]
[SourceTitle "playchess.com"]
[Source "ChessBase"]
[SourceQuality "1"]
[TimeControl "5400+30"]

1. d4 Nf6 2. c4 e6 3. Nc3 Bb4 4. e3 O-O 5. Nge2 Re8 6. a3 Bf8 7. Ng3 d5 8. cxd5 exd5 9. Be2 b6 10. b4 c6 11. O-O Ba6 12. Bxa6 Nxa6 13. Qd3 Nc7 14. Bb2 h5 15. Rac1 g6 16. Nb1 h4 17. Ne2 h3 18. g3 Qd7 19. Nd2 Bh6 20. Nf3 Qg4 21. Ne1 Re6 22. Nf4 Bxf4 23. exf4 Rae8 24. Nf3 Nh5 25. Ne5 Nxf4 26. Qe3 Ne2+ 27. Kh1 Rxe5 28. dxe5 Nxc1 29. Rxc1 Rd8 30. f3 d4 31. Rd1 Qf5 32. Qe4 Qxe4 33. fxe4 c5 34. bxc5 bxc5 35. Kg1 Re8 36. Rc1 Ne6 37. Kf1 Rb8 0-1

[Event "ISR Youth-Ch Finals 2021 U18"]
[Site "Ramat Hasharon"]
[Date "2021.03.23"]
[Round "5.10"]
[White "Sobel, Ido"]
[Black "Mondri, Nadav"]
[Result "1-0"]
[ECO "C27"]
[WhiteElo "1885"]
[BlackElo "1803"]
[Annotator "NA"]
[PlyCount "61"]
[EventDate "2021.03.19"]
[EventType "swiss"]
[EventCountry "ISR"]
[SourceTitle "playchess.com"]
[Source "ChessBase"]
[SourceQuality "1"]
[TimeControl "5400+30"]

1. e4 e5 2. Bc4 Bc5 3. d3 Nf6 4. Nc3 O-O 5. f4 Nc6 6. Nf3 d6 7. Na4 Bb6 8. Nxb6 axb6 9. a3 Re8 (9... d5 $11 10. exd5 (10. fxe5 dxc4 11. exf6 Qxf6 $15) 10... Nxd5) 10. O-O Be6 11. Bxe6 Rxe6 12. f5 Re8 13. Bg5 d5 $16 {[%emt 0:01:51] [#]} (13... Nb8 $11) 14. exd5 $1 Qxd5 15. Bxf6 gxf6 16. Nd2 Kf8 17. Ne4 Ke7 18. Qe1 Nb8 19. Qb4+ c5 20. Qxb6 Nd7 21. Qb5 Rg8 22. Rf3 Rg7 23. Re1 Rag8 24. Re2 Qd4+ 25. Kh1 b6 26. h3 Qd5 27. c3 Qa2 28. Qc6 Qb1+ 29. Kh2 Qd1 30. Qd6+ Ke8 31. Nxf6+ 1-0

[Event "ISR Youth-Ch Finals 2021 U18"]
[Site "Ramat Hasharon"]
[Date "2021.03.23"]
[Round "5.11"]
[White "Gov, Guy"]
[Black "Sobel, Alon"]
[Result "1-0"]
[ECO "A03"]
[WhiteElo "2095"]
[BlackElo "1825"]
[Annotator "ChessBase"]
[PlyCount "73"]
[EventDate "2021.03.19"]
[EventType "swiss"]
[EventCountry "ISR"]
[SourceTitle "playchess.com"]
[Source "ChessBase"]
[SourceQuality "1"]
[TimeControl "5400+30"]

1. f4 d5 2. Nf3 Nf6 3. e3 c5 4. b3 Nc6 5. Bb5 Bd7 6. Bb2 a6 7. Bxc6 Bxc6 8. Ne5 g6 9. Nxc6 bxc6 10. d3 Bg7 11. Nd2 O-O 12. O-O Re8 13. Nf3 Nd7 14. Bxg7 Kxg7 15. Qe1 e5 16. fxe5 Nxe5 17. Qc3 Qf6 18. d4 cxd4 19. exd4 Nxf3+ 20. Rxf3 Qe6 21. Raf1 Re7 22. Rf6 Qe4 23. Rxc6 Rae8 24. Rxa6 f5 25. Rc6 Kh6 26. Qd2+ Kg7 27. h3 h6 28. Rf4 Qe1+ 29. Qxe1 Rxe1+ 30. Rf1 R1e2 31. Rf2 Re1+ 32. Kh2 Rd1 33. c3 Ree1 34. a4 Rh1+ 35. Kg3 h5 36. Kf4 Kh6 37. Ke5 1-0

[Event "ISR Youth-Ch Finals 2021 U18"]
[Site "Ramat Hasharon"]
[Date "2021.03.24"]
[Round "6.10"]
[White "Mondri, Nadav"]
[Black "Sheinkman, Lidan"]
[Result "0-1"]
[ECO "C05"]
[WhiteElo "1803"]
[BlackElo "1895"]
[Annotator "NA RC"]
[PlyCount "82"]
[EventDate "2021.03.19"]
[EventType "swiss"]
[EventCountry "ISR"]
[SourceTitle "playchess.com"]
[Source "ChessBase"]
[SourceQuality "1"]
[TimeControl "5400+30"]

1. e4 e6 2. d4 d5 3. Nd2 Nf6 4. Bd3 c5 5. c3 Nc6 6. Ne2 cxd4 7. cxd4 dxe4 8. Nxe4 Be7 9. O-O O-O 10. Be3 Nb4 11. Nxf6+ Bxf6 12. Be4 Nd5 13. Qc2 g6 14. Rac1 b6 $11 15. Bxd5 Qxd5 16. Qc6 Qxc6 17. Rxc6 Ba6 18. Rc2 Rac8 19. Rd2 Rfd8 20. Rfd1 Bxe2 21. Rxe2 Bxd4 22. Red2 Bf6 23. Rd7 Rxd7 24. Rxd7 Rd8 25. Rxd8+ Bxd8 26. Kf1 Bc7 27. h3 Kg7 28. Ke2 Kf6 29. Kd3 Ke5 30. Kc4 a6 31. a4 f5 32. g3 Ke4 33. b4 e5 34. Bg5 f4 35. gxf4 exf4 36. Bh4 h6 37. Bf6 g5 38. Bg7 h5 39. Bf6 g4 40. hxg4 hxg4 41. Bh4 f3 0-1

[Event "ISR Youth-Ch Finals 2021 U18"]
[Site "Ramat Hasharon"]
[Date "2021.03.24"]
[Round "7.4"]
[White "Kochavi, Ori"]
[Black "Milikow, Yoav"]
[Result "0-1"]
[ECO "A35"]
[WhiteElo "2273"]
[BlackElo "2302"]
[Annotator "RC"]
[PlyCount "138"]
[EventDate "2021.03.19"]
[EventType "swiss"]
[EventCountry "ISR"]
[SourceTitle "playchess.com"]
[Source "ChessBase"]
[SourceQuality "1"]
[TimeControl "5400+30"]

1. c4 c5 2. Nc3 Nc6 3. Nf3 g6 4. d4 cxd4 5. Nxd4 Bg7 6. Nxc6 dxc6 7. Qxd8+ Kxd8 8. Bf4 Be6 9. e4 Nf6 10. Be5 Kc8 11. O-O-O b6 12. f4 Kb7 13. Be2 h5 14. Rhf1 Rad8 15. f5 Bc8 16. Bd3 gxf5 17. exf5 Rhg8 18. Bf4 Ng4 19. Bc2 Bxc3 20. bxc3 Rxd1+ 21. Rxd1 e5 22. fxe6 Bxe6 23. h4 Bxc4 24. Rd7+ Ka6 25. a4 Nf6 26. Rd4 Be6 27. Bg5 Nd7 28. g3 Nc5 29. Kb2 Bd5 30. Bd1 Ne6 31. Bxh5 Nxd4 32. cxd4 Re8 33. Bd1 Re1 34. Bg4 Kb7 35. h5 Be4 36. h6 Bh7 37. Bh5 Rf1 38. Bf4 f6 39. Bf7 Rd1 40. Kc3 a5 41. Bc4 Ka7 42. Bd6 Rc1+ 43. Kb3 Rh1 44. Bf4 Rb1+ 45. Kc3 b5 46. axb5 cxb5 47. Be6 Rd1 48. d5 Rd3+ 49. Kb2 Kb6 50. d6 Kc6 51. Bb3 Rd4 52. Kc3 Rxf4 53. gxf4 Kxd6 54. Bc2 b4+ 55. Kd2 f5 56. Bb3 Kc5 57. Kd3 Kb5 58. Bf7 Ka4 59. Kc2 Ka3 60. Kb1 b3 61. Ka1 Kb4 62. Kb2 a4 63. Kc1 Kc3 64. Kb1 a3 65. Ka1 Kc2 66. Bxb3+ Kxb3 67. Kb1 Bg8 68. Ka1 Kc3 69. h7 Bxh7 0-1

[Event "ISR Youth-Ch Finals 2021 U18"]
[Site "Ramat Hasharon"]
[Date "2021.03.24"]
[Round "7.11"]
[White "Sobel, Alon"]
[Black "Mondri, Nadav"]
[Result "1-0"]
[ECO "A03"]
[WhiteElo "1825"]
[BlackElo "1803"]
[Annotator "NA RC"]
[PlyCount "79"]
[EventDate "2021.03.19"]
[EventType "swiss"]
[EventCountry "ISR"]
[SourceTitle "playchess.com"]
[Source "ChessBase"]
[SourceQuality "1"]
[TimeControl "5400+30"]

1. f4 d5 2. Nf3 c5 3. e3 Nf6 4. d4 Nc6 5. Be2 Bf5 6. O-O e6 7. Ne5 h6 8. c3 Be7 9. Bb5 Qb6 10. Bxc6+ bxc6 11. Nd2 O-O 12. g4 Bh7 13. g5 Ne4 14. g6 Bxg6 15. Nd7 Qc7 16. Nxf8 Rxf8 17. Nxe4 Bxe4 18. Bd2 g5 19. Qh5 Kh7 20. dxc5 gxf4 21. Rxf4 f5 22. Kf2 Bxc5 23. Rh4 Qg7 24. Rg1 Qf6 25. Ke2 Rf7 26. c4 Rb7 27. b3 e5 28. Bc3 d4 29. exd4 exd4 30. Bd2 d3+ 31. Kf1 Qa1+ 32. Be1 Qf6 33. Bc3 Qe6 34. Rxe4 fxe4 35. Qxc5 Rf7+ 36. Ke1 e3 37. Qe5 d2+ 38. Ke2 d1=Q+ 39. Kxd1 Rd7+ 40. Kc1 1-0

[Event "ISR Youth-Ch Finals 2021 U18"]
[Site "Ramat Hasharon"]
[Date "2021.03.26"]
[Round "9.2"]
[White "Gorodetzky, Matan"]
[Black "Ehrlich, Roy"]
[Result "0-1"]
[ECO "C18"]
[WhiteElo "2253"]
[BlackElo "2004"]
[Annotator "ChessBase"]
[PlyCount "88"]
[EventDate "2021.03.19"]
[EventType "swiss"]
[EventCountry "ISR"]
[SourceTitle "playchess.com"]
[Source "ChessBase"]
[SourceQuality "1"]
[TimeControl "5400+30"]

1. e4 e6 2. d4 d5 3. Nc3 Bb4 4. e5 c5 5. a3 Ba5 6. Qg4 Ne7 7. dxc5 d4 8. b4 dxc3 9. Qxg7 Rg8 10. Qxh7 Bc7 11. Nf3 Nbc6 12. Bf4 Rg4 13. Rd1 Nd5 14. g3 Qe7 15. h3 Rxf4 16. gxf4 Bd7 17. Bc4 O-O-O 18. Bxd5 exd5 19. Rxd5 Qe6 20. Qd3 Ne7 21. Rd6 Bxd6 22. cxd6 Bc6 23. Ng5 Qg6 24. Qxc3 Nd5 25. Qc4 Nxf4 26. Qxf4 Bxh1 27. Qc4+ Bc6 28. f4 f6 29. b5 fxe5 30. bxc6 Qxd6 31. Qe6+ Qxe6 32. Nxe6 Re8 33. cxb7+ Kxb7 34. f5 Kc6 35. c4 Kd6 36. Ke2 Rh8 37. Ng5 Rh5 38. Nf7+ Kc5 39. f6 Rf5 40. Kd3 Rxf6 41. Nxe5 Ra6 42. Ke4 Rxa3 43. Nf3 a5 44. h4 Rxf3 0-1

[Event "ISR Youth-Ch Finals 2021 U18"]
[Site "Ramat Hasharon"]
[Date "2021.03.26"]
[Round "9.5"]
[White "Gorshtein, Asaf"]
[Black "Zemach, Roee"]
[Result "1/2-1/2"]
[ECO "A33"]
[WhiteElo "2122"]
[BlackElo "2292"]
[Annotator "ChessBase"]
[PlyCount "62"]
[EventDate "2021.03.19"]
[EventType "swiss"]
[EventCountry "ISR"]
[SourceTitle "playchess.com"]
[Source "ChessBase"]
[SourceQuality "1"]
[TimeControl "5400+30"]

1. Nf3 Nf6 2. c4 e6 3. d4 c5 4. Nc3 cxd4 5. Nxd4 Nc6 6. a3 d5 7. cxd5 Nxd5 8. Nxc6 bxc6 9. e4 Nxc3 10. Qxd8+ Kxd8 11. bxc3 Rb8 12. Bc4 Bc5 13. Bf4 Rb6 14. Be5 f6 15. Bd4 Bxd4 16. cxd4 Ke7 17. O-O-O Bd7 18. Kc2 Rhb8 19. Rb1 e5 20. d5 Rxb1 21. Rxb1 Rxb1 22. Kxb1 Kd6 23. Kc2 Kc5 24. Kc3 g5 25. g3 h6 26. dxc6 Bxc6 27. Bd3 Be8 28. h4 Bh5 29. Bc2 Be2 30. Bb1 Bd1 31. Bd3 Ba4 1/2-1/2

[Event "ISR Youth-Ch Finals 2021 U18"]
[Site "Ramat Hasharon"]
[Date "2021.03.26"]
[Round "9.6"]
[White "Stolyarsky, Yegor"]
[Black "Friedland, Eldar"]
[Result "1-0"]
[ECO "E63"]
[WhiteElo "2063"]
[BlackElo "2034"]
[Annotator "NA"]
[PlyCount "155"]
[EventDate "2021.03.19"]
[EventType "swiss"]
[EventCountry "ISR"]
[SourceTitle "playchess.com"]
[Source "ChessBase"]
[SourceQuality "1"]
[TimeControl "5400+30"]

1. d4 Nf6 2. Nf3 g6 3. c4 Bg7 4. g3 O-O 5. Bg2 d6 6. Nc3 Nc6 7. O-O a6 8. Bg5 {[%emt 0:01:48] 8.b3 is the modern continuation.} h6 9. Bf4 Rb8 10. Rc1 g5 11. Be3 Ng4 {[%emt 0:00:44] [#]} 12. Ne1 $146 ({Predecessor:} 12. Qd2 Nxe3 13. fxe3 e5 14. d5 Ne7 15. e4 f5 16. exf5 Bxf5 17. e4 Bd7 18. Nd1 {0-1 (38) Muhammad,S-Saltos Velez,A (2088) Baku 2016}) 12... f5 13. h3 Nxe3 14. fxe3 e5 15. Nc2 e4 16. Qd2 Ne7 17. Rf2 c6 18. Rcf1 (18. Rff1 $142) 18... d5 19. cxd5 cxd5 ({Less strong is} 19... Nxd5 20. g4 $17) 20. Kh2 h5 21. Rg1 Qd6 22. Bf1 Bd7 23. Kh1 Ng6 24. Nd1 Rbc8 25. Qb4 Qc7 26. Nc3 Be6 27. Qb3 Rfd8 28. Nb4 Qc4 ({Black should play} 28... Ne7 $19 29. a3 Rd6) 29. Qxc4 Rxc4 30. Nc2 Bf8 31. g4 fxg4 32. Rf6 Bf7 33. Rb6 Rc7 34. Na1 Rd6 35. Rxd6 Bxd6 36. hxg4 h4 37. Bh3 $19 Be6 38. Rf1 Kg7 39. Nb3 b5 40. a3 Ne7 41. Rc1 Nc8 42. Nb1 Rxc1+ 43. Nxc1 Nb6 44. Nd2 Nc4 45. Nxc4 bxc4 46. Na2 Kf7 47. Nc3 Ke7 48. Kg1 Bg3 49. Kf1 Kd6 50. Na4 Kc6 51. Nc5 Bc8 52. Na4 Kc7 53. Nc3 Kd6 54. Na2 Bd7 55. Nb4 c3 56. bxc3 Bb5 57. Nc2 a5 58. Na1 Bc4 59. a4 Kc6 60. Bg2 Bd6 61. Ke1 Ba3 62. Kd2 Bb2 63. Nc2 Bb3 64. Ne1 Bxa4 65. c4 Bb3 66. cxd5+ Kxd5 67. Nd3 a4 68. Nxb2 a3 69. Nd3 h3 70. Bh1 h2 71. Kc3 Bd1 72. Nf2 Bxe2 73. Bxe4+ Kd6 74. Kb3 Bb5 75. Kxa3 Bd7 76. Kb4 Bc8 77. Bf3 Bd7 78. e4 1-0

[Event "ISR Youth-Ch Finals 2021 U18"]
[Site "Ramat Hasharon"]
[Date "2021.03.26"]
[Round "9.7"]
[White "Kochavi, Ori"]
[Black "Kadria, Shay"]
[Result "1-0"]
[ECO "B90"]
[WhiteElo "2273"]
[BlackElo "2086"]
[Annotator "ChessBase"]
[PlyCount "35"]
[EventDate "2021.03.19"]
[EventType "swiss"]
[EventCountry "ISR"]
[SourceTitle "playchess.com"]
[Source "ChessBase"]
[SourceQuality "1"]
[TimeControl "5400+30"]

1. e4 c5 2. Nf3 d6 3. d4 cxd4 4. Nxd4 Nf6 5. Nc3 a6 6. Be3 e5 7. Nf3 Be6 8. Ng5 Be7 9. Nxe6 fxe6 10. Bc4 Qd7 11. Qf3 b5 12. Bb3 Nc6 13. Qh3 Kf7 14. Nd5 Rad8 15. Nb6 Qe8 16. Bxe6+ Kf8 17. O-O Qh5 18. Nd7+ 1-0